 Seeded DCSS version 0.30-a0-918-g0ff054e9dc (webtiles) character file.

Game seed: 3125986916090331667 (custom seed)

3047 bmack86 the Cleaver (level 9, -4/79 HPs)
             Began as a Minotaur Fighter on Mar 21, 2023.
             Was an Elder of Okawaru.
             Engulfed by a cloud of steam (20 damage)
             ... on level 7 of the Dungeon.
             The game lasted 00:12:32 (5186 turns).

bmack86 the Cleaver (Minotaur Fighter)              Turns: 5186, Time: 00:12:33

Health: -4/79      AC: 14    Str: 34    XL:     9   Next: 56%
Magic:  12/12      EV:  7    Int:  5    God:    Okawaru [****..]
Gold:   493        SH: 15    Dex: 10    Spells: 8/8 levels left

rFire   . . .      SeeInvis +    e - +7 broad axe "Talesm" {freeze, rCorr}
rCold   x . .      Faith    .    y - +1 kite shield "Homeppeo" {rPois rC- rCorr SInv}
rNeg    . . .      Spirit   .    u - +1 chain mail of Supple Strength {Harm Str+3}
rPois   +          Reflect  +    (helmet restricted)
rElec   .          Rampage  .    A - +2 cloak
rCorr   +          Harm     + .  (no gloves)
Will    .....                    (no boots) Stlth
                                 j - amulet of reflection
HPRegen 0.33/turn                g - +6 ring of strength
MPRegen 0.13/turn                (no ring)

@: no status effects
A: horns 2, retaliatory headbutt
a: Renounce Religion, Heroism, Finesse


You were on level 7 of the Dungeon.
You worshipped Okawaru.
Okawaru was greatly pleased with you.
You visited 2 branches of the dungeon, and saw 8 of its levels.

You collected 999 gold pieces.
You spent 506 gold pieces at shops.

Inventory:

Hand Weapons
 a - a +0 war axe of protection
 e - the +7 broad axe "Talesm" (weapon) {freeze, rCorr}
   (You acquired it on level 5 of the Dungeon)

   rCorr:     It protects you from acid and corrosion.
Missiles
 x - 23 poisoned darts
 F - 3 boomerangs of dispersal
Armour
 b - a +0 scale mail
 c - a +0 buckler
 u - the +1 chain mail of Supple Strength (worn) {Harm Str+3}
   (You found it on level 3 of the Dungeon)

   Str:       It affects your strength (+3).
   Harm:      It increases damage dealt and taken.
 y - the +1 kite shield "Homeppeo" (worn) {rPois rC- rCorr SInv}
   (You acquired it on level 5 of the Dungeon)

   rC:        It makes you vulnerable to cold.
   rPois:     It protects you from poison.
   SInv:      It lets you see invisible.
   rCorr:     It protects you from acid and corrosion.
 A - a +2 cloak (worn)
Jewellery
 f - an amulet of magic regeneration
 g - a +6 ring of strength (left hand)
 j - an amulet of reflection (around neck)
 t - an amulet of guardian spirit
 v - a ring of wizardry
Wands
 p - a wand of flame (8) (quivered)
Scrolls
 i - a scroll of enchant armour
 k - 6 scrolls of teleportation
 o - a scroll of amnesia
 r - 3 scrolls of vulnerability
 s - 2 scrolls of enchant weapon {unknown}
 B - a scroll of fog
 D - a scroll of silence {unknown}
 E - a scroll of noise {unknown}
 H - a scroll of fear {unknown}
 I - a scroll of brand weapon
Potions
 d - 2 potions of might
 h - 2 potions of heal wounds
 l - 3 potions of degeneration
 m - 2 potions of lignification
 n - 2 potions of resistance
 q - a potion of brilliance
 w - 2 potions of attraction
 z - a potion of cancellation
 C - a potion of flight
 G - a potion of curing
 J - a potion of ambrosia


   Skills:
 + Level 7.2 Fighting
 * Level 9.2 Axes
 + Level 7.2 Armour
 + Level 7.2 Shields
 * Level 6.4 Invocations


You had 8 spell levels left.
You didn't know any spells.
Your spell library contained the following spells:

 Spells                   Type           Power      Damage    Failure   Level
 Sandblast                Erth           0%         2d4       99%         1
 Ensorcelled Hibernation  Hex/Ice        0%         N/A       100%        2
 Passwall                 Tmut/Erth      0%         N/A       100%        2
 Sublimation of Blood     Necr           0%         N/A       100%        2
 Inner Flame              Hex/Fire       0%         N/A       100%        3
 Portal Projectile        Hex/Tloc       0%         N/A       100%        3
 Stone Arrow              Conj/Erth      0%         3d7       100%        3
 Swiftness                Air            0%         N/A       100%        3
 Flame Wave               Conj/Fire      0%         2d4       100%        4
 Leda's Liquefaction      Hex/Erth       0%         N/A       100%        4
 Petrify                  Tmut/Erth      0%         N/A       100%        4
 Sticky Flame             Conj/Fire      0%         2d3       100%        4
 Irradiate                Conj/Tmut      0%         3d11      100%        5
 Call Canine Familiar     Summ           Unusable   N/A       N/A         3

Dungeon Overview and Level Annotations

Branches:
Dungeon (7/15)             Temple (1/1) D:5

Altars:
Cheibriados
Gozag
Hepliaklqana
Kikubaaqudgha
Okawaru
Qazlal
Wu Jian

Shops:
D:3 :   D:5 (**?   D:7 :


Innate Abilities, Weirdness & Mutations

You have a pair of horns on your head.
You reflexively headbutt those who attack you in melee.


Message History

The arrow hits the centaur!
You kill the centaur!
Okawaru accepts your kill.
Things that are here:
a +0 shortbow; a centaur corpse
Found Jauttyss's Tremendous Tomes.
There is an entrance to Jauttyss's Tremendous Tomes here.
Found a club.
You see here a +0 club.
There is an open door here.
You now have 493 gold pieces (gained 17).
There is an open door here.
There is an open door here.
You open the door.
There is an open door here.
w - 2 potions of attraction (gained 1)
K - a scroll of identify A steam dragon comes into view.
The steam dragon hisses angrily.
As you read the scroll of identify, it crumbles to dust.
J - a potion of ambrosia The steam dragon breathes steam at you.
The ball of steam hits you!
You are engulfed in a cloud of scalding steam.
The steam dragon breathes steam at you. The ball of steam hits you!!
You are engulfed in a cloud of scalding steam.
The steam dragon bites you! You block the steam dragon's attack.
You barely miss the steam dragon. You block the steam dragon's attack.
The steam dragon claws you.
You barely miss the steam dragon. Your headbutt misses the steam dragon.
The steam dragon breathes steam at you. The ball of steam hits you!
* * * LOW HITPOINT WARNING * * *
You slice the steam dragon!! You freeze the steam dragon.
You kill the steam dragon!
Okawaru accepts your kill.
The steam dragon scales are intact enough to wear.
You are engulfed in a cloud of scalding steam.
You die...

...... #.#.##.# #.#.# .:....
..# #.#.#.#..# #.#.# .#.. ...
..#.#.#...## #.#.# .#.# #.#
#.#.#....## #.#.## .#.# #.#
#.#.#.#.#######.#...
...#####.#
#.#.#.#.........####
#.....##.# #.#.#.#.........#
##.##.##.#####.#[#.#.........#
#.##........#.#@#.#.........#
##.#####.....#.#..##.........#
...# #.......#§####........#
#########.##....######.......#
............>.### #≈ #####.###
#####...........###≈## #.#
#........#####≈≈≈# #.##
#........# #≈≈≈≈# #).#
#........# #≈≈≈≈######)#####


There were no monsters in sight!

Vanquished Creatures
  A troll (D:6)
  A wraith (D:7)
  2 steam dragons (D:7)
  4 water moccasins
  An orc warrior (D:6)
  2 ice beasts
  An ogre (D:5)
  A sky beast (D:6)
  3 black bears
  2 centaurs
  2 kobold brigands
  A bullfrog (D:6)
  6 scorpions
  A hound (D:6)
  4 jellies
  3 orc priests
  A sleepcap (D:4)
  4 iguanas
  Natasha (thrice) (D:2)
  2 orc wizards
  A gnoll (D:1)
  7 adders
  3 white imps (D:6)
  A worm (D:2)
  2 dart slugs
  19 orcs
  7 endoplasms
  2 giant cockroaches
  5 hobgoblins
  4 jackals (D:4)
  18 kobolds
  4 quokkas
  9 ball pythons
  4 bats
  2 frilled lizards
  9 goblins
  4 rats
146 creatures vanquished.

Vanquished Creatures (others)
  An orc (D:7)
1 creature vanquished.

Grand Total: 147 creatures vanquished

Notes
Turn   | Place    | Note
-------+----------+-------------------------------------------
     0 | D:1      | bmack86 the Minotaur Fighter began the quest for the Orb.
     0 | D:1      | Reached XP level 1. HP: 19/19 MP: 0/0
   153 | D:1      | Reached XP level 2. HP: 25/27 MP: 1/1
   361 | D:1      | Reached skill level 3 in Axes
   556 | D:1      | Reached XP level 3. HP: 33/33 MP: 2/2
   991 | D:2      | Noticed Natasha
   999 | D:2      | Killed Natasha
  1000 | D:2      | Reached XP level 4. HP: 31/40 MP: 3/3
  1162 | D:2      | Reached skill level 4 in Axes
  1238 | D:2      | Noticed Natasha
  1248 | D:2      | Killed Natasha
  1316 | D:2      | Noticed Natasha
  1321 | D:2      | Killed Natasha
  1322 | D:2      | Reached XP level 5. HP: 15/47 MP: 4/4
  1824 | D:3      | Found an iron altar of Okawaru.
  1849 | D:3      | Became a worshipper of Warmaster Okawaru
  1867 | D:3      | Found Digoh's Book Boutique.
  1980 | D:3      | Identified the +1 chain mail of Supple Strength {Harm
                  | Str+3}
  2211 | D:4      | Noticed a centaur
  2218 | D:4      | Killed a centaur
  2219 | D:4      | Reached skill level 5 in Axes
  2219 | D:4      | Reached skill level 1 in Invocations
  2219 | D:4      | Reached XP level 6. HP: 20/53 MP: 4/6
  2223 | D:4      | HP: 1/53 [orc priest/nerve-wracking pain (16)]
  2224 | D:4      | Reached * piety under Okawaru
  2475 | D:4      | Reached skill level 5 in Armour
  2475 | D:4      | Reached skill level 5 in Shields
  2477 | D:4      | Reached skill level 5 in Fighting
  2874 | D:4      | Noticed a water moccasin
  2884 | D:4      | Killed a water moccasin
  2885 | D:4      | Reached XP level 7. HP: 38/61 MP: 5/7
  2961 | D:4      | Found a hazy altar of Hepliaklqana.
  3183 | D:5      | Entered Level 5 of the Dungeon
  3184 | D:5      | Identified 3 scrolls of acquirement
  3184 | D:5      | Acquired the +1 kite shield "Homeppeo" {rPois rC- rCorr
                  | SInv}
  3195 | D:5      | Acquired 700 gold pieces
  3197 | D:5      | Acquired the +7 broad axe "Talesm" {freeze, rCorr}
  3205 | D:5      | Reached ** piety under Okawaru
  3214 | D:5      | Found a staircase to the Ecumenical Temple.
  3230 | D:5      | Reached skill level 6 in Axes
  3234 | Temple   | Entered the Ecumenical Temple
  3323 | D:5      | Found Kuxiet's Assorted Antiques.
  3326 | D:5      | Found Tuexan's Magic Scroll Boutique.
  3359 | D:5      | Found Istewn's Weapon Boutique.
  3369 | D:5      | Found Keelodoj's General Store.
  3385 | D:5      | Bought a scroll of enchant armour for 112 gold pieces
  3385 | D:5      | Bought a scroll of identify for 30 gold pieces
  3389 | D:5      | Bought a scroll of fog for 48 gold pieces
  3389 | D:5      | Bought a scroll of identify for 24 gold pieces
  3389 | D:5      | Bought a scroll of teleportation for 36 gold pieces
  3389 | D:5      | Bought a scroll of teleportation for 36 gold pieces
  3389 | D:5      | Bought a scroll of identify for 24 gold pieces
  3389 | D:5      | Bought a scroll of enchant armour for 90 gold pieces
  3399 | D:5      | Reached XP level 8. HP: 59/70 MP: 9/9
  3399 | D:5      | Bought a bubbling amethyst potion for 25 gold pieces
  3399 | D:5      | Bought a scroll of identify for 56 gold pieces
  3399 | D:5      | Bought a smoky amethyst potion for 25 gold pieces
  3473 | D:5      | Reached skill level 7 in Axes
  3499 | D:5      | Reached *** piety under Okawaru
  3754 | D:6      | Reached skill level 5 in Invocations
  3766 | D:6      | Reached skill level 8 in Axes
  4015 | D:6      | Reached **** piety under Okawaru
  4015 | D:6      | Received a gift from Okawaru
  4017 | D:6      | Reached XP level 9. HP: 78/78 MP: 10/12
  4124 | D:6      | Found an ornate altar of the Wu Jian Council.
  4175 | D:6      | Noticed a troll
  4178 | D:6      | Killed a troll
  4394 | D:7      | HP: 2/78 [something (8)]
  4932 | D:7      | Reached skill level 9 in Axes
  5050 | D:7      | Found Jauttyss's Tremendous Tomes.
  5186 | D:7      | Engulfed by a cloud of steam

Illustrated notes

Levels and vault maps discovered:
D:1:      amcnicky_arrival_single_pillar, layout_loops_cross,
          hangedman_glass_garden
D:2:      layout_loops_ring, dk_vineyard_1, uniq_natasha
D:3:      layout_basic, mainiacjoe_overflow_catwalk, serial_forest,
          infiniplex_forest_zigzag_1, infiniplex_forest_split,
          infiniplex_forest_end_double, infiniplex_forest_lined_room_,
          infiniplex_forest_corner_1, infiniplex_forest_lined_room_2,
          serial_shops, nicolae_shop_hallway_stairs
D:4:      layout_basic, old_standard_altar
D:5:      layout_rooms, minmay_temple_entry_drinking_statues,
          minmay_shop_grid_forest
D:6:      layout_rooms, lemuel_tele_altar, minmay_microvault
D:7:      layout_basic, minmay_misc_feat_hallway, nicolae_shop_i_like_big_books,
          chequers_serial_rivers_large_a, uniq_crazy_yiuf_cottage
Temple:   hellmonk_temple_of_storms

Skill      XL: |  1  2  3  4  5  6  7  8  9 |
---------------+----------------------------+-----
Axes           | 3 4 5 6 8 9 |  9.2
Armour         | 4 5 6 7 |  7.2
Shields        | 4 5 6 7 |  7.2
Fighting       | 4 5 6 7 |  7.2
Invocations    | 1 2 3 5 6 |  6.4

Action                     |  1- 3 |  4- 6 |  7- 9 || total
---------------------------+-------+-------+-------++-------
  Melee: War axe           |    73 |    77 |    11 ||   161
         Headbutt          |     9 |    14 |    15 ||    38
         Broad axe         |       |       |   105 ||   105
  Evoke: Wand              |       |     1 |     6 ||     7
    Use: Scroll            |       |     1 |    18 ||    19
         Potion            |       |       |     1 ||     1
 Armour: Scale mail        |    36 |    15 |       ||    51
         Chain mail        |       |    24 |    45 ||    69
  Dodge: Dodged            |    29 |    35 |    24 ||    88
  Block: Buckler           |    17 |    20 |     1 ||    38
         Kite shield       |       |       |    95 ||    95
         Reflection        |       |       |     7 ||     7

Table legend: (Time is in decaauts)
 A = Elapsed time spent in this place.
 B = Non-inter-level travel time spent in this place.
 C = Inter-level travel time spent in this place.
 D = Time resting spent in this place.
 E = Time spent auto-exploring this place.
 F = Levels seen in this place.
 G = Mean time per level.
                   A        B        C        D        E       F      G
               +--------+--------+--------+--------+--------+-----+--------+
         Total |   5287 |   5210 |     77 |    413 |   3526 |   8 |  660.9 |
       Dungeon |   5286 |   5209 |     77 |    413 |   3526 |   7 |  755.1 |
        Temple |      1 |      1 |      0 |      0 |      0 |   1 |    1.0 |
               +--------+--------+--------+--------+--------+-----+--------+

Top non-repeatable levels by time:
     D:4: 1028 daAuts
     D:2: 941 daAuts
     D:7: 907 daAuts
     D:6: 669 daAuts
     D:3: 638 daAuts
     D:1: 635 daAuts
     D:5: 464 daAuts
  Temple: 1 daAuts
